AoeStats
← alberto735

Arabian Desert

509720198Analyzed
1v1 RM · 4d ago on Sep 27, 2026· 13m 35s· 2 players
Game mode
Random Map
Map size
Tiny (2 player)
Population
200
Speed
Normal
Resources
Standard
Victory
Conquest
Starting age
Dark Age
Ending age
Imperial Age
RankedLock teamsTeams togetherTeam positionsShared explorationLock speedFull tech treeHidden civsTurbo modeCheats
Victory
Defeat
🇦🇷 Goths · Argentina
1264
+19
🇧🇴 Magyars · Bolivia
1319
-19
Kraken
3:41 Loom
10:05 Feudal Age
10:36 Man-at-Arms
11:22 Double-Bit Axe
alberto735
5:41 Loom
9:11 Feudal Age
9:43 Double-Bit Axe
11:44 Horse Collar
Connection lost

Rejoining the realm…

Still unreachable

The connection could not be restored.

Session expired

The server has moved on; the page needs a fresh start.